 Dungeon Crawl Stone Soup version 0.23.0 (webtiles) character file.

Game seed: 12507730634360538346

64 tidbits the Charmwright (level 4, 22/38 HPs)
             Began as a Gnoll Skald on Feb 11, 2019.
             Quit the game on level 1 of the Abyss.
             The game lasted 00:04:42 (548 turns).

tidbits the Charmwright (Gnoll Skald)                Turns: 548, Time: 00:04:43

Health: 22/38      AC:  3    Str: 13    XL:     4   Next: 12%
Magic:  11/11      EV: 14    Int: 17    God:
Gold:   32         SH:  0    Dex: 14    Spells: 2/13 levels left

rFire    . . .     SeeInvis .   a - +0 spear
rCold    . . .     Gourm    .   (no shield)
rNeg     . . .     Faith    .   b - +0 leather armour
rPois    .         Spirit   .   (no helmet)
rElec    .         Reflect  .   (no cloak)
rCorr    +         Harm     .   (no gloves)
MR       .....                  (no boots)
Stlth    +.........             (no amulet)
HPRegen  0.12/turn              K - ring of resist corrosion
MPRegen  0.12/turn              (no ring)

@: no status effects
A: distributed training, fangs 1, strong nose
a: no special abilities


You were on level 1 of the Abyss.
You were full.

You visited 1 branch of the dungeon, and saw 3 of its levels.
You visited the Abyss 1 time.

You collected 32 gold pieces.

Inventory:

Hand Weapons
 a - a +0 spear (weapon)
Missiles
 g - 21 stones (quivered)
 j - 19 sling bullets
Armour
 b - a +0 leather armour (worn)
 e - a cursed +0 buckler
Jewellery
 K - a ring of resist corrosion (left hand)
   (You found it on level 1 of the Dungeon)
Wands
 r - a wand of random effects (16)
 s - a wand of flame (11)
Scrolls
 k - a scroll of enchant armour {unknown}
 n - a scroll of fog {unknown}
 o - a scroll of amnesia {unknown}
 q - a scroll of enchant weapon {unknown}
Potions
 c - a potion of agility {unknown}
 f - 2 potions of brilliance {unknown}
 i - 2 potions of haste {unknown}
 l - a potion of ambrosia {unknown}
 m - a potion of cancellation {unknown}
 p - 2 potions of resistance
Comestibles
 d - 6 rations


   Skills:
 + Level 4.6 Fighting
 + Level 1.0 Short Blades
 + Level 1.0 Long Blades
 + Level 1.0 Axes
 + Level 1.0 Maces & Flails
 + Level 4.6 Polearms
 + Level 1.0 Staves
 + Level 1.0 Slings
 + Level 1.0 Bows
 + Level 1.0 Crossbows
 + Level 1.0 Throwing
 + Level 2.7 Armour
 + Level 4.6 Dodging
 + Level 1.0 Stealth
 + Level 1.0 Shields
 + Level 1.0 Unarmed Combat
 + Level 5.0 Spellcasting
 + Level 0.7 Conjurations
 + Level 0.7 Hexes
 + Level 5.4 Charms
 + Level 0.7 Summonings
 + Level 0.7 Necromancy
 + Level 0.7 Translocations
 + Level 0.7 Transmutations
 + Level 0.7 Fire Magic
 + Level 0.7 Ice Magic
 + Level 0.7 Air Magic
 + Level 0.7 Earth Magic
 + Level 0.7 Poison Magic
 + Level 1.1 Invocations
 + Level 1.0 Evocations


You had 2 spell levels left.
You knew the following spells:

 Your Spells              Type           Power        Failure   Level  Hunger
g - Shroud of Golubria    Chrm/Tloc      ##........   8%          2    #......
i - Infusion              Chrm           ###.         1%          1    None
r - Regeneration          Chrm/Necr      ##........   16%         3    ###....
w - Spectral Weapon       Hex/Chrm       ##......     16%         3    ###....
y - Song of Slaying       Chrm           ###.....     3%          2    #......

Your spell library contained the following spells:

 Spells                   Type           Power        Failure   Level  Hunger


Dungeon Overview and Level Annotations

Branches:
Dungeon (3/15)

Altars:

Annotations:
D:2 Crazy Yiuf


Innate Abilities, Weirdness & Mutations

Your experience applies equally to all skills.
You have very sharp teeth.
Your uncanny sense of smell can sniff out nearby items.


Message History

Found a runed translucent door.
Casting: Spectral Weapon (safe; 16% risk of failure)
Confirm with . or Enter, or press ? or * to list all spells.
Space distorts slightly along a thin shroud covering your body.
Casting: Shroud of Golubria (safe; 8% risk of failure)
Confirm with . or Enter, or press ? or * to list all spells.
You draw out your weapon's spirit!
Unknown command.
Unknown command.
Unknown command.
You open the door.
Crazy Yiuf shouts!
Crazy Yiuf whimpers, "Line senile water!"
Unknown command.
There is an open translucent door here.
Unknown command.
You hit Crazy Yiuf.
Crazy Yiuf is moderately wounded.
Your spectral weapon closely misses Crazy Yiuf.
Crazy Yiuf hits you with a +2 quarterstaff of chaos.
You hit Crazy Yiuf.
Crazy Yiuf is moderately wounded.
Your spectral weapon hits Crazy Yiuf from afar.
Crazy Yiuf hits you with a +2 quarterstaff of chaos.
You are cast into the Abyss!
To return, you must find a gate leading back.
Killing monsters will force the Abyss to allow you passage.
This branch contains the abyssal rune of Zot.
Your spectral weapon fades away.
Unknown command.
Found an encrusted fluorescent wand.
Your shroud begins to fray at the edges.
Found a corrupted altar of Lugonu.
Your shroud unravels.
You see here a wand of random effects (16).
Unknown command.
r - a wand of random effects (16)
Casting: Spectral Weapon (safe; 16% risk of failure)
Confirm with . or Enter, or press ? or * to list all spells.
Your skin crawls.
Unknown command.
Your skin is crawling a little less now.
Found a gateway leading deeper into the Abyss.
Your skin stops crawling.
Unknown command.
Unknown command.
Unknown command.
Found a short silver wand.
You see here a wand of flame (11).
s - a wand of flame (11)
A bone dragon comes into view.
Unknown command.
An ancient zyme comes into view.
You feel yourself growing ill in the presence of the ancient zyme.
Unknown command.
Unknown command.
Found a gateway leading deeper into the Abyss.
Unknown command.
Found a gateway leading deeper into the Abyss.
Unknown command.
Found 19 gold pieces.
An ice devil comes into view.
Unknown command.
Found 14 stones.
Unknown command.
A large abomination comes into view.
Unknown command.
Found 50 gold pieces.
Unknown command.
Unknown command.
Found a scroll labeled MIRIRCH HOUCI.
You see here a scroll labeled MIRIRCH HOUCI.
As you read the scroll labeled MIRIRCH HOUCI, it crumbles to dust.
You assume a fearsome visage.
The ice devil is unaffected.
It was a scroll of fear.
A white imp comes into view.
A small abomination comes into view.
The small abomination moves out of view.
Unknown command.
Unknown command.
Unknown command.
The small abomination misses you.
Unknown command.
The small abomination closely misses you.
A flying skull comes into view.
The flying skull gives a hideous shriek!
The small abomination hits you!!
A chaos spawn comes into view.
The chaos spawn bleats!
The small abomination misses you.
Unknown command.
As you read the scroll labeled XUPRUPR NOUDD, it crumbles to dust.
It is a scroll of identify.
p - 2 potions of resistance The small abomination barely misses you.
The chaos spawn barely misses you.
Unknown command.
The chaos spawn closely misses you.
Are you sure you want to abandon this character and quit the game? (Confirm with "yes".)

#. .#....##.# #.
#
#..##....#.....#
..
#..#.#...####...
## #......#
#...# #..#.###
..#.. ###4##
.#..# ##x## ..#
#. #4.# #@ยง#
#...####
#.#..### ....
..... ##..# #..
..


You could see an ice devil, a chaos spawn and a small abomination.

Vanquished Creatures
  Jessica (D:2)
  Natasha (D:2)
  A worm (D:2)
  An orc (D:3)
  2 bats (D:1)
  2 hobgoblins
  A quokka (D:3)
  A frilled lizard (D:2)
  A kobold (D:2)
11 creatures vanquished.

Notes
Turn   | Place    | Note
-------+----------+-------------------------------------------
     0 | D:1      | tidbits the Gnoll Skald began the quest for the Orb.
     0 | D:1      | Reached XP level 1. HP: 20/20 MP: 6/6
   100 | D:2      | Noticed Jessica
   110 | D:2      | Killed Jessica
   110 | D:2      | Reached skill level 5 in Spellcasting
   110 | D:2      | Reached XP level 2. HP: 20/26 MP: 0/8
   110 | D:2      | Reached XP level 3. HP: 23/31 MP: 0/9
   114 | D:2      | Learned a level 2 spell: Song of Slaying
   117 | D:2      | Learned a level 2 spell: Shroud of Golubria
   144 | D:2      | Learned a level 3 spell: Spectral Weapon
   148 | D:2      | Learned a level 3 spell: Regeneration
   270 | D:1      | Reached skill level 1 in Invocations
   320 | D:2      | Noticed Natasha
   327 | D:2      | Killed Natasha
   327 | D:2      | Reached skill level 1 in Short Blades
   327 | D:2      | Reached skill level 1 in Long Blades
   327 | D:2      | Reached skill level 1 in Axes
   327 | D:2      | Reached skill level 1 in Maces & Flails
   327 | D:2      | Reached skill level 1 in Staves
   327 | D:2      | Reached skill level 1 in Slings
   327 | D:2      | Reached skill level 1 in Bows
   327 | D:2      | Reached skill level 1 in Crossbows
   327 | D:2      | Reached skill level 1 in Throwing
   327 | D:2      | Reached skill level 1 in Stealth
   327 | D:2      | Reached skill level 1 in Shields
   327 | D:2      | Reached skill level 1 in Unarmed Combat
   327 | D:2      | Reached skill level 1 in Evocations
   327 | D:2      | Reached XP level 4. HP: 28/38 MP: 7/11
   391 | D:2      | Found a runed translucent door.
   394 | D:2      | Noticed Crazy Yiuf
   400 | D:2      | Cast into level 1 of the Abyss (Crazy Yiuf)
   414 | Abyss:1  | Found a corrupted altar of Lugonu.
   439 | Abyss:1  | Noticed a bone dragon
   443 | Abyss:1  | Noticed an ancient zyme
   469 | Abyss:1  | Noticed an ice devil
   483 | Abyss:1  | Noticed a large abomination
   527 | Abyss:1  | Noticed a small abomination
   532 | Abyss:1  | Noticed a flying skull
   534 | Abyss:1  | Noticed a chaos spawn
   548 | Abyss:1  | Quit the game

Skill      XL: |  1  2  3 |
---------------+----------+-----
Spellcasting   | 5 |  5.0
Invocations    | 1 |  1.1
Short Blades   | 1 |  1.0
Long Blades    | 1 |  1.0
Axes           | 1 |  1.0
Maces & Flails | 1 |  1.0
Staves         | 1 |  1.0
Slings         | 1 |  1.0
Bows           | 1 |  1.0
Crossbows      | 1 |  1.0
Throwing       | 1 |  1.0
Stealth        | 1 |  1.0
Shields        | 1 |  1.0
Unarmed Combat | 1 |  1.0
Evocations     | 1 |  1.0
Fighting       | |  4.6
Polearms       | |  4.6
Armour         | |  2.7
Dodging        | |  4.6
Conjurations   | |  0.7
Hexes          | |  0.7
Charms         | |  5.4
Summonings     | |  0.7
Necromancy     | |  0.7
Translocations | |  0.7
Transmutations | |  0.7
Fire Magic     | |  0.7
Ice Magic      | |  0.7
Air Magic      | |  0.7
Earth Magic    | |  0.7
Poison Magic   | |  0.7

Action                   |  1- 3 |  4- 6 || total
-------------------------+-------+-------++-------
Melee: Spear             |    39 |     2 ||    41
       Bite              |     5 |       ||     5
 Cast: Infusion          |     3 |       ||     3
       Spectral Weapon   |     4 |     1 ||     5
       Regeneration      |       |     1 ||     1
       Shroud of Golubri |       |     1 ||     1
  Use: Scroll            |       |     2 ||     2
 Stab: Distracted        |     1 |       ||     1
  Eat: Ration            |     1 |       ||     1
Armor: Leather armour    |     5 |       ||     5
Dodge: Dodged            |    15 |     6 ||    21

Table legend:
 A = Turns spent in this place as a percentage of turns spent in the entire game.
 B = Non-inter-level travel turns spent in this place as a percentage of non-inter-level travel turns spent in the entire game.
 C = Inter-level travel turns spent in this place as a percentage of turns spent in this place.
 D = Turns resting spent in this place as a percentage of non-inter-level travel turns spent in this place.
 E = Turns spent auto-exploring this place as a percentage of non-inter-level travel turns spent in this place.
 F = Non-inter-level travel turns spent in this place divided by the number of levels of this place that you've seen.
                   A       B       C       D       E      F
               +-------+-------+-------+-------+-------+----------------------
         Total | 100.0 | 100.0 |   0.0 |   0.0 |   0.0 | 137.0
       Dungeon |  73.0 |  73.0 |   0.0 |   0.0 |   0.0 | 133.3
         Abyss |  27.0 |  27.0 |   0.0 |   0.0 |   0.0 | 148.0
               +-------+-------+-------+-------+-------+----------------------

Table legend:
 A = Kills in this place as a percentage of kills in entire the game.
 B = Kills by you in this place as a percentage of kills by you in the entire game.
 C = Kills by friends in this place as a percentage of kills by friends in the entire game.
 D = Other kills in this place as a percentage of other kills in the entire game.
 E = Experience gained in this place as a percentage of experience gained in the entire game.
 F = Experience gained in this place divided by the number of levels of this place that you have seen.
                   A       B       C       D       E      F
               +-------+-------+-------+-------+-------+----------------------
         Total | 100.0 | 100.0 |   N/A |   N/A | 100.0 |  23.0
       Dungeon | 100.0 | 100.0 |   N/A |   N/A | 100.0 |  30.7
               +-------+-------+-------+-------+-------+----------------------

Levels and vault maps discovered:
D:1:      nicolae_arrival_washed_ashore, layout_basic
D:2:      layout_loops_cross, minivault_23, uniq_jessica, uniq_terence,
          uniq_natasha, uniq_sigmund, uniq_crazy_yiuf_cottage
D:3:      minmay_chambers_of_twos, layout_rooms, fedhas_ov_isle_minmay,
          first_ration, elyvilon_altar_1
Abyss:1:  bh_abyss_negative
